 Dungeon Crawl Stone Soup version 0.19.4-8-ga85b6b9 (webtiles) character file.

5596 JeffiDaFish the Sneak (level 10, -2/58 HPs)
             Began as a Gargoyle Venom Mage on Feb 8, 2017.
             Was a Believer of Vehumet.
             Slain by a shadow wraith (19 damage)
             ... on level 9 of the Dungeon on Feb 9, 2017.
             The game lasted 00:31:32 (9392 turns).

JeffiDaFish the Sneak (Gargoyle Venom Mage)         Turns: 9392, Time: 00:31:33

Health: -2/58      AC: 12    Str: 11    XL:     10   Next: 73%
Magic:  12/19      EV: 13    Int: 18    God:    Vehumet [**....]
Gold:   309        SH:  0    Dex: 12    Spells: 4 memorised, 11 levels left

rFire  . . .     SeeInvis +     e - +2 whip (drain)
rCold  . . .     Gourm    .     j - +1 leather armour
rNeg   + . .     Faith    .     (no shield)
rPois  ∞         Spirit   .     i - +0 helmet
rElec  +         Reflect  .     (no cloak)
rCorr  +         Harm     .     (no gloves)
MR     .....                    (no boots)
Stlth  +++.......               (no amulet)
                                r - ring of see invisible
                                o - ring of resist corrosion

@: very slightly contaminated, slowed, very slow
A: negative energy resistance 1, electricity resistance, unbreathing,
petrification resistance, rot immunity, AC +7
a: Renounce Religion


You were on level 9 of the Dungeon.
You worshipped Vehumet.
Vehumet was pleased with you.
You were hungry.

You visited 2 branches of the dungeon, and saw 10 of its levels.

You collected 309 gold pieces.

Inventory:

Hand Weapons
 e - a +2 whip of draining (weapon)
 x - a +0 flail of crushing
Armour
 i - a +0 helmet (worn)
 j - a +1 leather armour (worn)
Jewellery
 o - a ring of resist corrosion (left hand)
 r - a ring of see invisible (right hand)
Wands
 u - a wand of confusion (13/48)
Scrolls
 k - 2 scrolls of identify
 n - 3 scrolls of fog
 p - a scroll of remove curse
Potions
 f - a potion of curing
 t - a potion of cure mutation
 w - a potion of invisibility
Books
 b - a Young Poisoner's Handbook

   Spells                             Type                      Level
   a - Sting                          Conjuration/Poison           1
   b - Mephitic Cloud                 Conjuration/Poison/Air       3
   c - Olgreb's Toxic Radiance        Poison                       4
   d - Alistair's Intoxication        Transmutation/Poison         5
   e - Venom Bolt                     Conjuration/Poison           5
 s - a book of Minor Magic

   Spells                             Type                      Level
   a - Magic Dart                     Conjuration                  1
   b - Blink                          Translocation                2
   c - Call Imp                       Summoning                    2
   d - Repel Missiles                 Charms/Air                   2
   e - Slow                           Hexes                        2
   f - Conjure Flame                  Conjuration/Fire             3
   g - Mephitic Cloud                 Conjuration/Poison/Air       3
Comestibles
 c - 9 bread rations
 g - 3 fruits
 h - a slice of pizza
 l - 4 beef jerkies
 m - 2 royal jellies
 q - 2 meat rations
 v - 13 chunks of flesh


   Skills:
 + Level 4.7 Fighting
 + Level 4.7 Maces & Flails
 + Level 3.6 Dodging
 * Level 7.9 Stealth
 * Level 6.0 Spellcasting
 * Level 6.8 Conjurations
 + Level 1.0 Translocations
 + Level 3.7 Air Magic
 * Level 7.7 Poison Magic


You had 11 spell levels left.
You knew the following spells:

 Your Spells              Type           Power        Failure   Level  Hunger
a - Sting                 Conj/Pois      ####         1%          1    None
b - Mephitic Cloud        Conj/Pois/Air  ####....     4%          3    ##.....
c - Olgreb's Toxic Radia  Pois           ####....     10%         4    ####...
d - Blink                 Tloc           N/A          17%         2    None


Dungeon Overview and Level Annotations

Branches:
Dungeon (9/15)             Temple (1/1) D:4
   Lair: D:8-11         Orc: D:9-12

Altars:
Ashenzari
Dithmenos
Elyvilon
Gozag
Hepliaklqana
Kikubaaqudgha
Makhleb
Nemelex Xobeh
Okawaru
Qazlal
Ru
Sif Muna
Trog
Vehumet
Xom
Yredelemnul
Zin
The Shining One

Shops:
D:5 }   D:6 (

Annotations:
D:7 Lilxick's ghost, novice DDWn


Innate Abilities, Weirdness & Mutations

You are resistant to torment.
Your stone body is resilient. (AC +7)
You are immune to poison.
You resist negative energy. (rN+)
You are resistant to electric shocks. (rElec)
You can survive without breathing.
You are immune to petrification.
You are immune to rotting.


Message History

The shadow wraith drains your vigour!
You feel as though you will be slow longer.
The orc wizard casts a spell.
The orc wizard blinks!
The shadow wraith hits you but does no damage.
Blink to where?
Press: ? - help, Dir - move target cursor, p - shadow imp
As you read the scroll of blinking, it crumbles to dust.
A phantom comes into view.
The phantom blinks!
Found a stone staircase leading down.
Okay, then.
Some of the chunks of flesh in your inventory have rotted away.
There is a stone staircase leading down here.
The shadow wraith closely misses you. x2
You climb downwards.
There is a stone staircase leading up here.
Okay, then.
You feel better. The shadow wraith hits you!!
You die...

#........#
#........#
#........#
#........#
#........+
#........#
#.....W..#
#....@...#
##########


You could see a shadow wraith (invisible).

Vanquished Creatures
  A centaur warrior (D:8)
  A hill giant (D:6)
  A deep elf mage (D:8)
  A two-headed ogre (D:7)
  2 hippogriffs (D:7)
  A water moccasin (D:5)
  A black bear (D:4)
  3 ice beasts
  2 phantoms
  A necrophage (D:7)
  5 ogres
  A centaur (D:7)
  An elf zombie (D:7)
  7 bullfrogs
  4 scorpions
  4 wights (D:7)
  A bullfrog zombie (D:5)
  A howler monkey (D:3)
  4 crimson imps
  4 human zombies (D:7)
  5 hounds
  3 jellies
  A centaur skeleton (D:6)
  An orc priest (D:4)
  2 bullfrog skeletons
  Jessica (D:3)
  Natasha (thrice) (D:2)
  3 iguanas
  2 orc wizards
  A human skeleton (D:7)
  6 worker ants
  An ogre zombie (D:7)
  A hound zombie (D:8)
  A hound skeleton (D:5)
  Robin (D:2)
  2 mummies (D:7)
  A howler monkey skeleton (D:6)
  8 adders
  A shadow imp (D:8)
  An ooze (D:3)
  2 adder skeletons
  3 worms
  2 dart slugs
  4 leopard geckos
  22 orcs
  6 bats
  6 giant cockroaches
  19 goblins
  9 hobgoblins
  11 jackals
  7 kobolds
  5 quokkas
  2 frilled lizards
  A jackal zombie (D:5)
  An orc zombie (D:7)
  6 rats
197 creatures vanquished.

Notes
Turn   | Place    | Note
-------+----------+-------------------------------------------
     0 | D:1      | JeffiDaFish the Gargoyle Venom Mage began the quest for the Orb.
     0 | D:1      | Reached XP level 1. HP: 10/10 MP: 3/3
   472 | D:1      | Reached XP level 2. HP: 13/15 MP: 3/5
   870 | D:1      | Reached XP level 3. HP: 20/20 MP: 3/6
  1363 | D:1      | Learned a level 3 spell: Mephitic Cloud
  1445 | D:2      | Found a faded altar of an unknown god.
  1455 | D:2      | Noticed Natasha
  1462 | D:2      | Killed Natasha
  1564 | D:2      | Reached XP level 4. HP: 24/24 MP: 2/7
  1759 | D:2      | Reached skill level 1 in Conjurations
  1797 | D:2      | Noticed Natasha
  1806 | D:2      | Killed Natasha
  1806 | D:2      | Reached skill level 1 in Maces & Flails
  1831 | D:2      | Noticed Natasha
  1836 | D:2      | Killed Natasha
  1861 | D:2      | Found a bloodstained altar of Trog.
  1896 | D:2      | Reached skill level 1 in Fighting
  2103 | D:2      | Reached XP level 5. HP: 28/29 MP: 1/8
  2127 | D:2      | Noticed Robin
  2154 | D:2      | Killed Robin
  2749 | D:3      | Noticed Jessica
  2754 | D:3      | Killed Jessica
  2754 | D:3      | Reached skill level 1 in Air Magic
  2769 | D:3      | Reached XP level 6. HP: 30/34 MP: 2/10
  3163 | D:3      | Learned a level 4 spell: Olgreb's Toxic Radiance
  3235 | D:4      | Found a staircase to the Ecumenical Temple.
  3242 | D:4      | Noticed a black bear
  3250 | D:4      | Killed a black bear
  3363 | D:4      | Found a white marble altar of Elyvilon.
  3477 | D:4      | Reached skill level 5 in Poison Magic
  3559 | D:4      | Reached XP level 7. HP: 16/39 MP: 0/11
  3903 | D:4      | Gained mutation: You have large cloven feet. [potion of mutation]
  3903 | D:4      | Gained mutation: You are dopey. (Int -2) [potion of mutation]
  3903 | D:4      | Gained mutation: You are resistant to hostile enchantments. (MR+) [potion of mutation]
  4001 | D:4      | Found an opulent altar of Gozag.
  4270 | D:4      | Found a shattered altar of Ashenzari.
  4349 | Temple   | Entered the Ecumenical Temple
  4518 | D:5      | Entered Level 5 of the Dungeon
  4607 | D:5      | Reached XP level 8. HP: 42/44 MP: 13/13
  4827 | D:5      | Found a sparkling altar of Nemelex Xobeh.
  5026 | D:5      | Found Ixyhoehi's Gadget Shop.
  5392 | D:6      | Found an ancient bone altar of Kikubaaqudgha.
  5409 | D:6      | Reached skill level 5 in Stealth
  5684 | D:6      | Found Dicemiro's Antique Weapon Shop.
  5780 | D:6      | Found a radiant altar of Vehumet.
  5803 | D:6      | Became a worshipper of Vehumet
  6016 | D:6      | Reached XP level 9. HP: 49/51 MP: 15/15
  6305 | D:6      | Noticed a hill giant
  6360 | D:6      | Killed a hill giant
  6360 | D:6      | Reached skill level 5 in Conjurations
  6749 | D:6      | Found a deep blue altar of Sif Muna.
  6791 | D:7      | Noticed a two-headed ogre
  6800 | D:7      | Killed a two-headed ogre
  6803 | D:7      | Noticed Lilxick's ghost (novice DDWn)
  6843 | D:7      | Found a shadowy altar of Dithmenos.
  7554 | D:7      | Reached skill level 5 in Spellcasting
  7677 | D:7      | Reached XP level 10. HP: 12/57 MP: 17/17
  7692 | D:7      | Reached * piety under Vehumet
  7692 | D:7      | Offered knowledge of Freeze by Vehumet.
  7696 | D:7      | HP: 2/57 [human zombie (4)]
  8444 | D:7      | Lost mutation: You are dopey. (Int -2) [potion of cure mutation]
  8444 | D:7      | Lost mutation: You have large cloven feet. [potion of cure mutation]
  8444 | D:7      | Lost mutation: You are resistant to hostile enchantments. (MR+) [potion of cure mutation]
  8533 | D:7      | Found an ancient bone altar of Kikubaaqudgha.
  8845 | D:7      | Learned a level 2 spell: Blink
  8927 | D:7      | Found a shimmering altar of Xom.
  8929 | D:7      | Found a shimmering altar of Xom.
  8929 | D:7      | Found a white marble altar of Elyvilon.
  8931 | D:7      | Found a stormy altar of Qazlal.
  8931 | D:7      | Found a bloodstained altar of Trog.
  8931 | D:7      | Found a snail-covered altar of Cheibriados.
  9187 | D:8      | Noticed a centaur warrior
  9199 | D:8      | Noticed a deep elf mage
  9203 | D:8      | Killed a centaur warrior
  9209 | D:8      | Killed a deep elf mage
  9232 | D:8      | Reached skill level 1 in Translocations
  9323 | D:8      | Noticed a cyclops
  9340 | D:8      | Reached ** piety under Vehumet
  9340 | D:8      | Offered knowledge of Flame Tongue by Vehumet.
  9346 | D:8      | Noticed a shadow wraith
  9392 | D:9      | Slain by a shadow wraith

Skill      XL: |  1  2  3  4  5  6  7  8  9 10 |
---------------+-------------------------------+-----
Conjurations   | 1 2 3 4 5 6 |  6.8
Maces & Flails | 1 2 3 4 |  4.7
Dodging        | 2 3 |  3.6
Stealth        | 3 4 5 6 7 |  7.9
Fighting       | 1 2 3 4 |  4.7
Air Magic      | 1 2 3 |  3.7
Spellcasting   | 3 4 5 6 |  6.0
Poison Magic   | 5 6 7 |  7.7
Translocations | 1 |  1.0

Action                   |  1- 3 |  4- 6 |  7- 9 | 10-12 || total
-------------------------+-------+-------+-------+-------++-------
Melee: Whip              |    54 |   131 |   548 |   326 ||  1059
       Unarmed           |     3 |       |       |       ||     3
       Kick              |       |       |   126 |    45 ||   171
 Cast: Sting             |    30 |    52 |    20 |     5 ||   107
       Mephitic Cloud    |     1 |    13 |    18 |    10 ||    42
       Olgreb's Toxic Ra |       |       |     1 |     5 ||     6
  Use: Potion            |     3 |     3 |     5 |     5 ||    16
       Scroll            |     1 |     9 |     3 |     4 ||    17
 Stab: Confused          |       |     9 |     9 |     9 ||    27
       Sleeping          |       |       |     7 |     5 ||    12
       Distracted        |       |       |     1 |       ||     1
  Eat: Chunk             |     3 |     8 |    11 |     4 ||    26
       Meat ration       |       |       |     1 |       ||     1
       Royal jelly       |       |       |       |     1 ||     1
       Pizza             |       |       |       |     1 ||     1
Armor: Robe              |    10 |       |       |       ||    10
       Leather armour    |     2 |    71 |   194 |   112 ||   379
Dodge: Dodged            |    46 |    93 |   287 |   154 ||   580
